 Dungeon Crawl Stone Soup version 0.29.1-13-g9f3cf754e1 (webtiles) character file.

Game seed: 11200606856963366525

613 Thatpatchoflichen the Trooper (level 7, -2/75 HPs)
             Began as an Ogre Monk on Feb 3, 2023.
             Was a Believer of Dithmenos.
             Slain by a scorpion (4 damage)
             ... in an ossuary.
             The game lasted 00:10:35 (4737 turns).

Thatpatchoflichen the Trooper (Ogre Monk)           Turns: 4737, Time: 00:10:35

Health: -2/75      AC:  5    Str: 16    XL:     7   Next: 44%
Magic:  7/7        EV: 11    Int: 11    God:    Dithmenos [**....]
Gold:   289        SH:  0    Dex: 13    Spells: 6/6 levels left

rFire   . . .      SeeInvis .   a - +0 mace
rCold   . . .      Faith    +   (no shield)
rNeg    . . .      Spirit   .   b - +0 robe
rPois   .          Reflect  .   (helmet restricted)
rElec   .          Harm     .   e - +1 cloak
rCorr   .          Rampage  .   (gloves unavailable)
Will    .....                   (boots unavailable)
Stlth   ++........              w - amulet of faith
HPRegen 0.22/turn               (no ring)
MPRegen 0.10/turn               (no ring)

@: lethally poisoned (-2 -> -10), wreathed by umbra
A: large, unfitting armour, tough skin 1
a: Renounce Religion, Shadow Step


You were in an ossuary.
You worshipped Dithmenos.
Dithmenos was pleased with you.
You visited 2 branches of the dungeon, and saw 6 of its levels.
You also visited: Ossuary.

You collected 289 gold pieces.

Inventory:

Hand Weapons
 a - a +0 mace (weapon)
Missiles
 v - 5 silver javelins (quivered)
 y - a boomerang
Armour
 b - a +0 robe (worn)
 e - a +1 cloak (worn)
Jewellery
 s - a +6 ring of intelligence
 w - an amulet of faith (around neck)
Scrolls
 f - 4 scrolls of magic mapping {unknown}
 k - a scroll of enchant armour {unknown}
 l - a scroll of blinking {unknown}
 m - 3 scrolls of butterflies {unknown}
 n - 2 scrolls of noise {unknown}
 o - a scroll of summoning {unknown}
 p - 2 scrolls of immolation {unknown}
 q - 3 scrolls of identify {unknown}
 r - a scroll of poison {unknown}
 t - a scroll of amnesia {unknown}
Potions
 c - 2 potions of ambrosia
 d - a potion of berserk rage {unknown}
 g - a potion of brilliance {unknown}
 h - 2 potions of might {unknown}
 i - a potion of heal wounds
 j - a potion of magic {unknown}
 u - a potion of flight {unknown}
 x - a potion of mutation {unknown}


   Skills:
 - Level 6.0 Fighting
 + Level 5.1 Maces & Flails
 + Level 5.0 Dodging
 + Level 2.2 Stealth


You had 6 spell levels left.
You didn't know any spells.
Your spell library contained the following spells:

 Spells                   Type           Power      Damage    Failure   Level
 Static Discharge         Conj/Air       0%         3-3/arc   47%         2
 Dispel Undead            Necr           0%         3d6       98%         4
 Sticky Flame             Conj/Fire      0%         2d3       98%         4


Dungeon Overview and Level Annotations

Branches:
Dungeon (5/15)             Temple (1/1) D:4         Ossuary (1/1)

Altars:
Cheibriados
Dithmenos
Fedhas
Gozag
Hepliaklqana
Kikubaaqudgha
Makhleb
Sif Muna
Vehumet
Wu Jian
Yredelemnul


Innate Abilities, Weirdness & Mutations

You are too large for most types of armour.
You have tough skin. (AC +1)


Message History

You are more poisoned.
The scorpion poisons you!
You sock the scorpion!
The scorpion is heavily wounded.
You feel very sick. The scorpion barely misses you. The scorpion stings you.
You are more poisoned.
The scorpion poisons you!
You closely miss the scorpion.
The scorpion is moderately wounded.
You feel very sick. The scorpion stings you!
You hit the scorpion.
The scorpion is severely wounded.
You feel very sick. The scorpion closely misses you.
You hit the scorpion but do no damage.
The scorpion is severely wounded.
You feel very sick. The scorpion stings you.
* * * LOW HITPOINT WARNING * * *
You are lethally poisoned!
The scorpion poisons you! The scorpion stings you.
* * * LOW HITPOINT WARNING * * *
You hit the scorpion but do no damage.
The scorpion is severely wounded.
* * * LOW HITPOINT WARNING * * *
You feel very sick.
The scorpion stings you but does no damage.
You hit the scorpion but do no damage.
The scorpion is severely wounded.
* * * LOW HITPOINT WARNING * * *
You feel very sick. The scorpion barely misses you.
You hit the scorpion.
The scorpion is severely wounded.
* * * LOW HITPOINT WARNING * * *
You feel very sick. The scorpion barely misses you. The scorpion stings you.
You die...

#.......#
#...8...#
#...#...#
##+#######'##
#...#...#...#
#...8...'...#
#.......#...#
##8...8######
#....s@.#M!.#
#...8...#..?#
#...#...#!?!#
##########+##


You could see a scorpion.

Vanquished Creatures
  3 elf skeletons (D:5)
  A scorpion (Ossuary)
  A howler monkey (D:4)
  A human zombie (Ossuary)
  An orc priest (D:5)
  A hound (D:5)
  3 scorpion zombies (Ossuary)
  2 human skeletons (D:5)
  An iguana (D:4)
  3 adders
  An ufetubus (D:5)
  2 worms
  A dart slug (D:4)
  2 orcs (D:5)
  2 ball pythons
  7 endoplasms
  4 giant cockroaches
  5 goblins
  7 hobgoblins
  6 quokkas
  6 bats
  8 frilled lizards
  A hobgoblin zombie (Ossuary)
  6 kobolds
  An orc zombie (D:5)
  5 rats
81 creatures vanquished.

Notes
Turn   | Place    | Note
-------+----------+-------------------------------------------
     0 | D:1      | Thatpatchoflichen the Ogre Monk began the quest for the
                  | Orb.
     0 | D:1      | Reached XP level 1. HP: 24/24 MP: 1/1
   222 | D:1      | Reached XP level 2. HP: 32/32 MP: 2/2
   772 | D:2      | Reached XP level 3. HP: 38/39 MP: 3/3
  1194 | D:2      | Found a faded altar of an unknown god.
  1841 | D:3      | Reached XP level 4. HP: 47/48 MP: 4/4
  2668 | D:4      | Reached XP level 5. HP: 48/54 MP: 5/5
  3587 | D:4      | Found a staircase to the Ecumenical Temple.
  3646 | D:5      | Entered Level 5 of the Dungeon
  3673 | Temple   | Entered the Ecumenical Temple
  3712 | Temple   | Became a worshipper of Dithmenos the Shadowed
  3712 | Temple   | Reached * piety under Dithmenos
  3712 | Temple   | Reached ** piety under Dithmenos
  3889 | D:5      | Reached XP level 6. HP: 63/63 MP: 6/6
  4013 | D:5      | Reached skill level 5 in Fighting
  4047 | D:5      | HP: 3/66 [elf skeleton (2)]
  4063 | D:5      | Found a sand-covered staircase.
  4078 | D:5      | Reached XP level 7. HP: 20/72 MP: 7/7
  4080 | Ossuary  | Entered an ossuary
  4456 | Ossuary  | Reached skill level 5 in Maces & Flails
  4456 | Ossuary  | Reached skill level 5 in Dodging
  4543 | Ossuary  | HP: 3/74 [scorpion zombie (4)]
  4550 | Ossuary  | Reached skill level 6 in Fighting
  4737 | Ossuary  | HP: 2/75 [poisoned by a scorpion]
  4737 | Ossuary  | Slain by a scorpion

Illustrated notes

Levels and vault maps discovered:
D:1:      giann_wishing_wells, layout_basic
D:2:      layout_basic, hellmonk_ecumenical_altar_lost_god
D:3:      mumra_celtic_spiral_tile, layout_rooms
D:4:      nicolae_BIG_FREAKIN_CUBE, layout_loops_ring, kennysheep_generic_room_7
D:5:      layout_basic, nicolae_ossuary_entry_catacombs
Temple:   nicolae_temple_ecumenical_triangle
Ossuary:  ossuary_minmay_scorpions

Skill      XL: |  1  2  3  4  5  6  7 |
---------------+----------------------+-----
Maces & Flails | 3 4 5 |  5.1
Dodging        | 3 4 5 |  5.0
Stealth        | 2 |  2.2
Fighting       | 5 6 |  6.0

Action                   |  1- 3 |  4- 6 |  7- 9 || total
-------------------------+-------+-------+-------++-------
Melee: Mace              |    97 |   179 |    98 ||   374
       Punch             |       |     1 |     1 ||     2
  Use: Potion            |       |     1 |     3 ||     4
 Stab: Sleeping          |     7 |     4 |       ||    11
Armor: Robe              |    55 |    53 |    16 ||   124
Dodge: Dodged            |    42 |    97 |    62 ||   201
